 Dungeon Crawl Stone Soup version 0.28-a0-863-g8cecda6153 (webtiles) character file.

Game seed: 9494173665210683399

11289 quinnr the Zephyrmancer (level 11, -8/66 HPs)
             Began as a Tengu Air Elementalist on Nov 17, 2021.
             Was a Follower of Sif Muna.
             Mangled by a cyan ugly thing (14 damage)
             ... on level 11 of the Dungeon on Nov 19, 2021.
             The game lasted 00:41:34 (17745 turns).

quinnr the Zephyrmancer (Tengu Air Elementalist)   Turns: 17745, Time: 00:41:35

Health: -8/66      AC:  2    Str:  8    XL:     11   Next: 75%
Magic:  2/24       EV: 31    Int: 19    God:    Sif Muna [*.....]
Gold:   721        SH:  0    Dex: 26    Spells: 13/26 levels left

rFire   . . .      SeeInvis .   (weapon currently unavailable)
rCold   . . .      Faith    .   (shield currently unavailable)
rNeg    . . .      Spirit   .   (armour currently unavailable)
rPois   x          Reflect  .   (helmet currently unavailable)
rElec   .          Harm     .   (cloak currently unavailable)
rCorr   .          Rampage  .   (gloves currently unavailable)
Will    +....      Clarity  +   (boots unavailable)
Stlth   ++++......              Q - amulet of regeneration
HPRegen 1.21/turn               p - +6 ring of dexterity
MPRegen 0.19/turn               r - ring of willpower

@: spider-form (expiring), flying quickly and evasively, quick
A: venomous fangs, flying, tiny, (beak), (talons 3), nimble flight, (horns 1),
clarity, no potion heal 1, subdued magic 1
a: End Transformation, Renounce Religion, Channel Magic


You were on level 11 of the Dungeon.
You worshipped Sif Muna.
Sif Muna was aware of your devotion.
You were a venomous arachnid creature.
You visited 2 branches of the dungeon, and saw 12 of its levels.
You also visited: Sewer.

You collected 721 gold pieces.

Inventory:

Hand Weapons
 b - a +3 dagger of draining
 e - a +1 dagger of venom
 A - the +9 dagger "Pacemasi" {drain, Dex+3}
   (You found it in a sewer)

   A truly terrible weapon, it drains the life of any living foe it strikes.
   Dex:       It affects your dexterity (+3).
Missiles
 o - 5 boomerangs
 t - 30 poisoned darts
 B - 5 throwing nets
 E - 6 boomerangs of dispersal
Armour
 a - a +0 robe
 w - a scarf of resistance
 x - a +0 troll leather armour {Pargi}
 C - +0 steam dragon scales (melded)
 K - a +0 buckler (melded)
 M - a +2 hat (melded)
 S - a +2 cloak of preservation (melded)
Magical Staves
 P - a staff of poison (melded)
Jewellery
 p - a +6 ring of dexterity (left front leg)
 r - a ring of willpower (right front leg)
 G - the ring "Ukuw" {*Corrode rElec rN+ Int+2 Dex+4}
   (You found it on level 7 of the Dungeon)

   [ring of positive energy]

   Int:       It affects your intelligence (+2).
   Dex:       It affects your dexterity (+4).
   rElec:     It insulates you from electricity.
   rN:        It protects you from negative energy.
   *Corrode:  It may corrode you when you take damage.
 O - a +6 ring of dexterity
 Q - an amulet of regeneration (around neck)
Wands
 h - a wand of mindburst (24)
 m - a wand of polymorph (18)
 n - a wand of digging (7)
Scrolls
 c - 2 scrolls of noise
 f - 5 scrolls of blinking
 q - 7 scrolls of teleportation
 y - a scroll of enchant weapon
 R - a scroll of fear
Potions
 d - 4 potions of curing
 g - 2 potions of berserk rage {unknown}
 i - a potion of mutation
 j - 2 potions of heal wounds {unknown}
 k - a potion of flight {unknown}
 l - a potion of brilliance {unknown}
 s - a potion of lignification {unknown}
 v - a potion of might
 D - a potion of attraction
 H - 2 potions of resistance
 J - 3 potions of degeneration
 L - a potion of cancellation
 N - a potion of ambrosia
Miscellaneous
 T - a phantom mirror


   Skills:
 + Level 6.8 Fighting
 - Level 2.0 Short Blades
 + Level 6.0 Dodging
 - Level 8.0 Stealth
 - Level 4.0 Shields
 - Level 8.0 Spellcasting
 - Level 4.0 Conjurations
 - Level 2.0 Transmutations
 + Level 11.6 Air Magic
 - Level 4.0 Poison Magic
 - Level 4.0 Evocations


You had 13 spell levels left.
You knew the following spells:

 Your Spells              Type           Power      Damage    Failure   Level
a - Shock                 Conj/Air       100%       1d9       2%          1
b - Airstrike             Air            19%        N/A       3%          4
c - Static Discharge      Conj/Air       28%        N/A       2%          2
d - Mephitic Cloud        Conj/Pois/Air  24%        N/A       6%          3
e - Spider Form           Tmut/Pois      14%        N/A       17%         3

Your spell library contained the following spells:

 Spells                   Type           Power      Damage    Failure   Level
 Swiftness                Air            39%        N/A       1%          3
 Magic Dart               Conj           68%        1d6       6%          1
 Beastly Appendage        Tmut           22%        N/A       11%         1
 Wereblood                Tmut           11%        N/A       14%         2
 Animate Skeleton         Necr           10%        N/A       19%         1
 Pain                     Necr           20%        1d5       19%         1
 Slow                     Hex            20%        N/A       19%         1
 Call Imp                 Summ           5%         N/A       28%         2
 Confusing Touch          Hex            5%         N/A       43%         3
 Vampiric Draining        Necr           5%         2d6       43%         3
 Sticky Flame             Conj/Fire      11%        2d3       54%         4
 Irradiate                Conj/Tmut      7%         3d15      75%         5
 Dispel Undead            Necr           5%         3d7       80%         4
 Blade Hands              Tmut           5%         N/A       86%         5
 Yara's Violent Unravell  Hex/Tmut       4%         3d4       94%         5
 Dragon Form              Tmut           5%         N/A       100%        7


Dungeon Overview and Level Annotations

Branches:
Dungeon (11/15)            Temple (1/1) D:4             Orc (0/2) D:10
  Sewer (visited)
   Lair: D:8-11

Altars:
Ashenzari
Cheibriados
Dithmenos
Elyvilon
Fedhas
Gozag
Hepliaklqana
Kikubaaqudgha
Makhleb
Nemelex Xobeh
Okawaru
Qazlal
Ru
Sif Muna
Trog
Uskayaw
Vehumet
Wu Jian
Xom
Yredelemnul
Zin
The Shining One

Portals:
Trove: D:11 (give 12 potions of heal wounds)


Innate Abilities, Weirdness & Mutations

You are a venomous arachnid creature.
You have poisonous fangs.
You are tiny and dextrous.
You are flying.
Your spellcasting is less reliable in this form.
Your armour is entirely melded.
You are incapable of wielding weapons or throwing items.
((You have a beak for a mouth.))
((You have claws for feet.))
Your magical nature lets you fly swiftly and evasively.
((You have a pair of small horns on your head.))
You possess an exceptional clarity of mind.
Potions are less effective at restoring your health.
Your spells are a little easier to cast, but a little less powerful.


Message History

The cyan ugly thing misses you.
The orc wizard is engulfed in noxious fumes.
The orc wizard appears confused.
Unknown command.
Casting: Airstrike (dangerous; 3% risk of failure)
Confirm with . or Enter, or press ? or * to list all spells.
Aiming: Airstrike (dangerous; 3% risk of failure)
Press: ? - help, Dir - move target, f/p - cyan ugly thing
Aim: a cyan ugly thing (moderately wounded, very poisoned, empty space bonus: 7/8)
The air twists around and strikes the cyan ugly thing!
The cyan ugly thing is heavily wounded.
Your transformation is almost over.
The cyan ugly thing completely misses you.
The orc wizard screams, "NO!
I can't bear this much noise."
Unknown command.
Casting: Airstrike (dangerous; 3% risk of failure)
Confirm with . or Enter, or press ? or * to list all spells.
Aiming: Airstrike (dangerous; 3% risk of failure)
Press: ? - help, Dir - move target, f/p - cyan ugly thing
Aim: a cyan ugly thing (severely wounded, very poisoned, empty space bonus: 7/8)
The air twists around and strikes the cyan ugly thing!
The cyan ugly thing is almost dead.
The cyan ugly thing kicks you! The cyan ugly thing shocks you!
* * * LOW HITPOINT WARNING * * *
Unknown command.
Casting: Airstrike (dangerous; 3% risk of failure)
Confirm with . or Enter, or press ? or * to list all spells.
You don't have enough magic to cast this spell.
Unknown command.
Unknown command.
Unknown command.
Unknown command.
Casting: Airstrike (dangerous; 3% risk of failure)
Confirm with . or Enter, or press ? or * to list all spells.
Okay, then.
Okay, then.
The cyan ugly thing kicks you!
* * * LOW HITPOINT WARNING * * *
The cyan ugly thing shocks you!
You die...

...#...#...........#
###....#...........#
...#...#####.o.....#
...##'##......######
...#...#....o°#o...#
...+...'....o°Z....#
######+##........##############+#
..# #......P....................
..+ #.........us................
..# #....#..#...................
..##+#'#..#####+#....#+####.....#
...#...#...# #................
###'...#...# +................
..##...#...# #................
#..##..#...# #................
##..######## #################
.##..#


You could see a cyan ugly thing (very poisoned), an orc priest, an orc wizard
(confused), an orc and a centaur warrior zombie.

Vanquished Creatures
  A centaur warrior (D:8)
  3 two-headed ogres
  A centaur zombie (D:10)
  Maggie (D:6)
  2 hornets
  8 spriggans (D:8)
  A wyvern (D:8)
  A wraith (D:11)
  7 yaks
  2 steam dragons (D:8)
  A warg (D:10)
  An acid dragon (D:8)
  2 water moccasins (D:7)
  A hornet zombie (D:8)
  Pargi (Sewer)
  9 orc warriors
  4 sky beasts
  A phantom (D:7)
  3 centaurs
  3 kobold brigands
  A bullfrog (D:8)
  A gnoll sergeant (D:7)
  3 scorpions
  A wyvern skeleton (D:6)
  A water moccasin skeleton (D:7)
  13 killer bees
  The ghost of ytrimaz the Shield-Bearer, a weakling FoFi (D:3)
  8 wights
  3 howler monkeys (D:10)
  3 jellies
  4 hounds
  8 orc priests
  5 gnoll shamans
  15 orc wizards
  2 iguanas
  A howler monkey zombie (D:5)
  17 gnolls
  8 adders
  2 white imps (D:8)
  2 adder skeletons (D:4)
  A worm (D:2)
  22 orcs
  5 endoplasms
  8 giant cockroaches
  4 goblins
  15 hobgoblins
  2 jackals (D:2)
  21 kobolds
  6 quokkas
  9 ball pythons
  7 bats
  4 frilled lizards
  3 rats
259 creatures vanquished.

Notes
Turn   | Place    | Note
-------+----------+-------------------------------------------
     0 | D:1      | quinnr the Tengu Air Elementalist began the quest for the
                  | Orb.
     0 | D:1      | Reached XP level 1. HP: 10/10 MP: 4/4
   294 | D:1      | Reached XP level 2. HP: 15/15 MP: 0/6
   705 | D:1      | Reached skill level 5 in Air Magic
  1323 | D:2      | Reached XP level 3. HP: 19/19 MP: 4/7
  1558 | D:2      | Reached skill level 6 in Air Magic
  1851 | D:2      | Reached XP level 4. HP: 24/24 MP: 3/8
  2639 | D:2      | Reached skill level 7 in Air Magic
  2655 | D:2      | Found a faded altar of an unknown god.
  3297 | D:3      | Noticed ytrimaz's ghost (weakling FoFi)
  3309 | D:3      | Found a runed translucent gate.
  3309 | D:3      | Found a runed translucent gate.
  3332 | D:3      | Found a runed translucent gate.
  3401 | D:3      | Found a bloodstained altar of Trog.
  3681 | D:3      | Found a stormy altar of Qazlal.
  3882 | D:4      | Gained mutation: Your magical nature lets you fly swiftly
                  | and evasively. [Tengu growth]
  3882 | D:4      | Reached XP level 5. HP: 28/28 MP: 4/9
  3993 | D:4      | Learned a level 4 spell: Airstrike
  4393 | D:4      | Reached skill level 1 in Fighting
  4489 | D:4      | Reached XP level 6. HP: 17/34 MP: 1/10
  4853 | D:4      | Reached skill level 8 in Air Magic
  5043 | D:4      | Found a staircase to the Ecumenical Temple.
  5255 | D:4      | Found a hazy altar of Hepliaklqana.
  5296 | D:5      | Entered Level 5 of the Dungeon
  5799 | D:5      | Noticed a +0 short sword
  5800 | D:5      | Noticed a +0 falchion
  5800 | D:5      | Noticed a +0 spear
  5800 | D:5      | Noticed a +0 short sword
  5800 | D:5      | Noticed a +0 dagger
  5801 | D:5      | Noticed a +0 spear
  5802 | D:5      | Noticed a +0 falchion
  5802 | D:5      | Noticed a +0 dagger
  5803 | D:5      | Found a hide-covered altar of Uskayaw.
  5917 | D:5      | Reached XP level 7. HP: 38/38 MP: 3/12
  6093 | D:4      | Reached skill level 9 in Air Magic
  7076 | D:5      | Gained mutation: You possess an exceptional clarity of
                  | mind. [potion of mutation]
  7076 | D:5      | Gained mutation: Your spells are a little easier to cast,
                  | but a little less powerful. [potion of mutation]
  7076 | D:5      | Gained mutation: Potions are less effective at restoring
                  | your health. [potion of mutation]
  7076 | D:5      | Gained mutation: You have a pair of small horns on your
                  | head. [potion of mutation]
  7210 | D:6      | Found a glowing drain.
  7240 | Sewer    | Entered a sewer
  7483 | Sewer    | Noticed Pargi
  7489 | Sewer    | Killed Pargi
  7490 | Sewer    | Reached XP level 8. HP: 45/45 MP: 4/14
  7516 | Sewer    | Identified the +9 dagger "Pacemasi" {drain, Dex+3}
  8143 | D:6      | Reached skill level 10 in Air Magic
  8307 | D:6      | Reached skill level 5 in Spellcasting
  8447 | D:6      | Found a sparkling altar of Nemelex Xobeh.
  8767 | D:6      | Noticed Maggie
  8878 | D:6      | Killed Maggie
  8879 | D:6      | Reached XP level 9. HP: 42/50 MP: 1/20
  9182 | Temple   | Entered the Ecumenical Temple
  9581 | D:3      | Learned a level 2 spell: Static Discharge
  9584 | D:3      | Killed ytrimaz's ghost
 10087 | D:7      | Reached skill level 1 in Evocations
 10378 | D:7      | Reached skill level 1 in Short Blades
 10489 | D:7      | Identified the ring "Ukuw" {*Corrode rElec rN+ Int+2 Dex+4}
 10836 | D:7      | Reached skill level 5 in Stealth
 11075 | D:7      | Learned a level 3 spell: Mephitic Cloud
 11169 | D:7      | Reached skill level 1 in Poison Magic
 11252 | D:7      | Reached XP level 10. HP: 56/58 MP: 15/22
 12411 | D:8      | Reached skill level 5 in Fighting
 12746 | D:8      | Noticed a two-headed ogre
 12774 | D:8      | Killed a two-headed ogre
 13036 | D:8      | Reached skill level 1 in Shields
 13634 | D:8      | Found a glowing golden altar of the Shining One.
 14412 | D:9      | Found a sacrificial altar of Ru.
 14605 | D:9      | Found an iron altar of Okawaru.
 14627 | D:9      | Noticed a two-headed ogre
 15036 | D:9      | Reached XP level 11. HP: 64/64 MP: 14/24
 15290 | D:9      | Killed a two-headed ogre
 15721 | D:9      | Found a white marble altar of Elyvilon.
 15723 | D:9      | Found an ornate altar of the Wu Jian Council.
 15724 | D:9      | Found a broken altar of Ashenzari.
 15725 | D:9      | Found a shimmering blue altar of Sif Muna.
 15774 | D:9      | Became a worshipper of Sif Muna the Loreminder
 15877 | D:8      | Learned a level 3 spell: Spider Form
 15984 | D:8      | Noticed a centaur warrior
 16004 | D:8      | Killed a centaur warrior
 16005 | D:8      | Reached skill level 1 in Transmutations
 16330 | D:10     | Entered Level 10 of the Dungeon
 16345 | D:10     | Found a radiant altar of Vehumet.
 16419 | D:10     | Found a staircase to the Orcish Mines.
 16459 | D:10     | Reached * piety under Sif Muna
 16539 | D:10     | Reached skill level 5 in Dodging
 16541 | D:10     | Reached skill level 11 in Air Magic
 17255 | D:10     | Noticed a two-headed ogre
 17279 | D:10     | Killed a two-headed ogre
 17425 | D:11     | Identified a scroll of acquirement
 17425 | D:11     | Acquired a +0 cloak of preservation
 17594 | D:11     | Found a portal to a secret trove of treasure.
 17721 | D:11     | Noticed a cyan ugly thing
 17745 | D:11     | HP: 6/66 [cyan ugly thing (14)]
 17745 | D:11     | Mangled by a cyan ugly thing

Illustrated notes

Levels and vault maps discovered:
D:1:      dpeg_arrival_oval, layout_loops_corners,
          hangedman_decor_clover_reticule
D:2:      layout_basic, hellmonk_ecumenical_altar_inner_sanctum
D:3:      layout_rooms, mainiacjoe_overflow_swirl, gammafunk_ghost_split,
          chequers_serial_rivers_large_a
D:4:      layout_loops_corners, nzn_hepliaklqana_mist_gate,
          minmay_temple_entry_waves, serial_rivers,
          chequers_serial_rivers_micro_a, chequers_serial_rivers_micro_e,
          chequers_serial_rivers_small_3, chequers_serial_rivers_micro_a,
          chequers_serial_rivers_micro_c
D:5:      layout_rooms, nicolae_uskayaw_en_pointe, serial_glass,
          glass_columns_a, glass_columns_c
D:6:      layout_basic, nemelex_spade_bored_becter, nicolae_ossuary_entry_ruins,
          gup_sewer_entry_glass, uniq_maggie
D:7:      kennysheep_housing_project, layout_rooms, kennysheep_crisscross
D:8:      kb_forest_paths, layout_rooms, mainiacjoe_overflow_surrounded_room,
          st_stairs_8, nrook_mini_backslash, nrook_loot_triangle
D:9:      layout_loops_cross, minitemple, mainiacjoe_overflow_paths,
          kennysheep_generic_room_8
D:10:     layout_roguey, lemuel_crystal_altar, david_orc_1_choice, st_stairs_6
D:11:     layout_grid_maze, erik_lair_orcish_takeover, enter_bailey_4,
          trove_entry_hex_spiral, serial_park_tiny_1, zin_treasury
Temple:   compressed_dpeg_triangle_lava_temple

Skill      XL: |  1  2  3  4  5  6  7  8  9 10 11 |
---------------+----------------------------------+-----
Air Magic      | 5 6 7 8 9 10 11 | 11.6
Fighting       | 1 2 3 4 5 6 |  6.8
Dodging        | 3 6 |  6.0
Spellcasting   | 3 7 8 |  8.0
Stealth        | 3 4 5 8 |  8.0
Evocations     | 3 4 |  4.0
Short Blades   | 2 |  2.0
Conjurations   | 2 3 4 |  4.0
Poison Magic   | 1 3 4 |  4.0
Shields        | 4 |  4.0
Transmutations | 2 |  2.0

Action                   |  1- 3 |  4- 6 |  7- 9 | 10-12 || total
-------------------------+-------+-------+-------+-------++-------
Melee: Dagger            |     2 |     1 |    34 |     5 ||    42
       Kick              |       |       |    12 |    13 ||    25
       Headbutt          |       |       |     4 |     9 ||    13
       Peck              |       |       |     4 |     6 ||    10
       Unarmed           |       |       |       |    58 ||    58
       Staff             |       |       |       |    36 ||    36
 Cast: Shock             |    75 |   110 |   127 |   136 ||   448
       Airstrike         |       |     7 |    50 |    73 ||   130
       Static Discharge  |       |       |    14 |    35 ||    49
       Mephitic Cloud    |       |       |     1 |    18 ||    19
       Spider Form       |       |       |       |     6 ||     6
Evoke: Wand              |       |       |     1 |     6 ||     7
  Use: Scroll            |       |       |     2 |    15 ||    17
       Potion            |       |       |     1 |       ||     1
 Stab: Confused          |       |       |     2 |    16 ||    18
Armor: Robe              |     1 |     4 |     4 |       ||     9
       Steam dragon scal |       |       |     8 |    16 ||    24
       Skin              |       |       |       |     6 ||     6
Dodge: Dodged            |    14 |    13 |    87 |   209 ||   323
Block: Buckler           |       |       |       |    22 ||    22

Table legend: (Time is in decaauts)
 A = Elapsed time spent in this place.
 B = Non-inter-level travel time spent in this place.
 C = Inter-level travel time spent in this place.
 D = Time resting spent in this place.
 E = Time spent auto-exploring this place.
 F = Levels seen in this place.
 G = Mean time per level.
                   A        B        C        D        E       F      G
               +--------+--------+--------+--------+--------+-----+--------+
         Total |  17175 |  16245 |    930 |   4105 |   9654 |  13 | 1321.2 |
       Dungeon |  16528 |  15627 |    901 |   4054 |   9187 |  11 | 1502.5 |
        Temple |    275 |    247 |     28 |      0 |    241 |   1 |  275.0 |
         Sewer |    371 |    371 |      0 |     51 |    225 |   1 |  371.0 |
               +--------+--------+--------+--------+--------+-----+--------+

Top non-repeatable levels by time:
     D:8: 2570 daAuts
     D:7: 2387 daAuts
     D:4: 2358 daAuts
     D:2: 1871 daAuts
     D:6: 1844 daAuts
     D:1: 1278 daAuts
     D:9: 1121 daAuts
    D:10: 1032 daAuts
     D:3: 917 daAuts
     D:5: 847 daAuts
   Sewer: 371 daAuts
    D:11: 300 daAuts
  Temple: 275 daAuts
